 Dungeon Crawl Stone Soup version 0.23-a0-408-g9d4b7ed (webtiles) character file.

239 Zephyr the Skirmisher (level 6, -5/49 HPs)
             Began as a Formicid Abyssal Knight on Nov 8, 2018.
             Was a Believer of Lugonu.
             Slain by Menkaure (8 damage)
             ... on level 4 of the Dungeon.
             The game lasted 00:11:50 (4369 turns).

Zephyr the Skirmisher (Formicid Abyssal Knight)     Turns: 4369, Time: 00:11:51

Health: -5/49      AC: 11    Str: 19    XL:     6   Next: 29%
Magic:  8/8        EV:  6    Int: 11    God:    Lugonu [**....]
Gold:   260        SH:  0    Dex: 10    Spells: 5/5 levels left

rFire    . . .     SeeInvis +   a - +1 hand axe
rCold    . . .     Gourm    .   (no shield)
rNeg     . . .     Faith    .   k - +0 plate armour
rPois    .         Spirit   .   (helmet unavailable)
rElec    .         Reflect  .   (no cloak)
rCorr    .         Harm     .   (no gloves)
MR       .....                  (no boots)
Stlth    ..........             (no amulet)
HPRegen  0.16/turn              (no ring)
MPRegen  0.11/turn              (no ring)

@: no status effects
A: permanent stasis, dig shafts and tunnels, four strong arms, antennae 3
a: Dig, Shaft Self, Depart the Abyss, Bend Space, Renounce Religion


You were on level 4 of the Dungeon.
You worshipped Lugonu.
Lugonu was pleased with you.
You were not hungry.

You visited 1 branch of the dungeon, and saw 4 of its levels.
You visited the Abyss 1 time.

You collected 260 gold pieces.

Inventory:

Hand Weapons
 a - a +1 hand axe (weapon)
Armour
 k - a +0 plate armour (worn)
Scrolls
 d - 4 scrolls of remove curse {unknown}
 e - 4 scrolls of identify {unknown}
 g - a scroll of teleportation {unknown}
 h - 2 scrolls of magic mapping {unknown}
Potions
 f - a potion of magic {unknown}
 i - 2 potions of haste {unknown}
 j - a potion of degeneration {unknown}
Comestibles
 c - 5 rations


   Skills:
 + Level 4.4 Fighting
 + Level 3.3 Axes
 + Level 3.4 Armour
 + Level 2.3 Dodging
 + Level 3.6 Invocations


You had 5 spell levels left.
You didn't know any spells.
Your spell library was empty.

Dungeon Overview and Level Annotations

Branches:
Dungeon (4/15)
 Temple: D:4-7

Altars:
Trog

Annotations:
D:4 Edmund, Menkaure


Innate Abilities, Weirdness & Mutations

You cannot be hasted, slowed, berserked, paralysed or teleported.
You can dig through walls and to a lower floor.
Your four strong arms can wield two-handed weapons with a shield.
You have a pair of large antennae on your head. (SInv)


Message History

The orc hits you with a +0 short sword.
* * * LOW HITPOINT WARNING * * *
You hit the ogre.
The ogre is severely wounded.
You hit the orc. The orc hits you with a +0 short sword.
* * * LOW HITPOINT WARNING * * *
The ogre hits you with a +0 giant club.
* * * LOW HITPOINT WARNING * * *
You hit the ogre but do no damage.
The ogre is severely wounded.
You hit the orc.
You kill the orc!
Lugonu accepts your kill. The ogre hits you with a +0 giant club.
* * * LOW HITPOINT WARNING * * *
The ogre closely misses you.
Menkaure shouts!
You hear a shout!
An orc comes into view. It is wielding a -1 hand axe.
Menkaure hits you!
You die...

♣....................#
♣.###....o...........# .#
♣###.......>)........# .#
# #.................# :.#
##...............# ##.#
##.............######...#
###......(...###........#
........[.....M.........#
#######.......@.O...)<..##
#...###............# #..##
####.....###..# #..#
##....# .# #### #..#
#...## # ..P# #..# ##..#.#
♣..P####..# ###.....#
♣♣≈.......# ###.......#
≈≈♣.♣..P..####......<..#


You could see an ogre, Menkaure and an orc.

Vanquished Creatures
  A scorpion (D:4)
  Robin (D:3)
  3 adders
  4 gnolls (D:3)
  An ooze (D:2)
  An adder skeleton (D:4)
  2 worms (D:2)
  2 dart slugs
  2 leopard geckos
  3 orcs
  5 bats
  8 giant cockroaches
  15 goblins
  11 hobgoblins
  4 jackals (D:2)
  11 kobolds
  2 quokkas
  2 ball pythons (D:3)
  5 frilled lizards
  6 rats
89 creatures vanquished.

Notes
Turn   | Place    | Note
-------+----------+-------------------------------------------
     0 | Abyss:1  | Zephyr the Formicid Abyssal Knight began the quest for the
                  | Orb.
     0 | Abyss:1  | Reached XP level 1. HP: 18/18 MP: 2/2
    43 | Abyss:1  | Noticed a frost giant zombie
    61 | Abyss:1  | Noticed a spatial vortex
    62 | Abyss:1  | Noticed a spatial vortex
    77 | Abyss:1  | Noticed an insubstantial wisp
   118 | Abyss:2  | Noticed a rakshasa
   130 | Abyss:2  | Noticed an ancient zyme
   131 | Abyss:2  | Noticed a chaos spawn
   133 | D:1      | Escaped the Abyss
   424 | D:1      | Reached skill level 1 in Dodging
   548 | D:1      | Reached XP level 2. HP: 24/24 MP: 3/3
   946 | D:1      | Reached * piety under Lugonu
  1116 | D:1      | Reached XP level 3. HP: 29/29 MP: 4/4
  1383 | D:2      | Reached XP level 4. HP: 25/37 MP: 6/6
  1826 | D:2      | Found a bloodstained altar of Trog.
  2724 | D:3      | Reached XP level 5. HP: 39/42 MP: 7/7
  2794 | D:3      | Reached ** piety under Lugonu
  2921 | D:3      | Reached skill level 4 in Fighting
  3032 | D:3      | Noticed Robin
  3071 | D:3      | Killed Robin
  3648 | D:4      | Noticed Menkaure
  3648 | D:4      | Noticed Edmund
  3817 | D:4      | Reached XP level 6. HP: 48/48 MP: 8/8
  4132 | D:4      | Noticed an ogre
  4362 | D:4      | HP: 2/49 [ogre/+0 giant club (3)]
  4369 | D:4      | Slain by Menkaure

Vault maps used:
D:1:      tarquinn_simple_flora_water_b
D:2:      kennysheep_cross_room, trog_three_pillars_becter
D:3:      first_ration, uniq_robin
D:4:      serial_bayou, serial_bayou_lagoon_b, serial_bayou_pond_a,
          serial_bayou_shore_b, serial_bayou_ford_a, uniq_edmund, uniq_menkaure,
          uniq_sigmund
Abyss:1:  hangedman_abyss_exit_choices
Abyss:2:  minivault_27, evilmike_abyss_exit_kraken

Skill      XL: |  1  2  3  4  5 |
---------------+----------------+-----
Dodging        | 1 2 |  2.3
Invocations    | 3 |  3.6
Armour         | 3 |  3.4
Fighting       | 4 |  4.4
Axes           | 3 |  3.3

Action                   |  1- 3 |  4- 6 || total
-------------------------+-------+-------++-------
Melee: Hand axe          |    65 |   242 ||   307
Invok: Depart the Abyss  |     1 |       ||     1
 Abil: Dig               |     2 |     3 ||     5
  Eat: Chunk             |     2 |     8 ||    10
       Ration            |       |     1 ||     1
Armor: Leather armour    |     4 |       ||     4
       Ring mail         |    14 |    23 ||    37
       Chain mail        |       |    65 ||    65
       Plate armour      |       |    18 ||    18
Dodge: Dodged            |    42 |    83 ||   125

Table legend:
 A = Non-vault XP
 B = Vault XP
 C = Vault XP percentage of total XP
 D = Non-vault monster count
 E = Vault monster count
 F = Vault count percentage of total count
                 A         B        C        D         E       F
            +---------+---------+-------+---------+---------+-------
      Total |     304 |      38 |  11.1 |      76 |      13 |  14.6
            +---------+---------+-------+---------+---------+-------
        D:1 |      32 |       0 |   0.0 |      18 |       0 |   0.0
        D:2 |      82 |       0 |   0.0 |      33 |       0 |   0.0
        D:3 |     107 |      38 |  26.2 |      20 |      13 |  39.4
        D:4 |      83 |       0 |   0.0 |       5 |       0 |   0.0
            +---------+---------+-------+---------+---------+-------
